 Dungeon Crawl Stone Soup version 0.21.1-1-g345015fe64 (webtiles) character file.

779 Mrkan the Ruffian (level 7, -9/65 (66) HPs)
             Began as a Troll Monk on May 9, 2018.
             Was a Believer of Yredelemnul.
             Mangled by a wight
             ... wielding a +2 great sword
              (10 damage)
             ... on level 6 of the Dungeon.
             The game lasted 00:11:14 (4471 turns).

Mrkan the Ruffian (Troll Monk)                      Turns: 4471, Time: 00:11:15

HP:   -9/65 (66)    AC:  8    Str: 20    XL:     7   Next: 54%
MP:   10/10         EV:  9    Int:  6    God:    Yredelemnul [**....]
Gold: 223           SH:  0    Dex: 14    Spells: 6/6 levels left

rFire    . . .     SeeInvis .     - Unarmed
rCold    . . .     Gourm    +   (no shield)
rNeg     . . .     Faith    .   a - +0 robe
rPois    .         Spirit   .   (helmet restricted)
rElec    .         Reflect  .   n - +2 cloak
rCorr    .         Harm     .   (gloves unavailable)
MR       .....                  (boots unavailable)
Stlth    +.........             (no amulet)
HPRegen  0.60/turn              (no ring)
MPRegen  0.12/turn              (no ring)

@: heavily drained
A: large, unfitting armour, claws 3, fast metabolism 3, gourmand, regeneration
1, shaggy fur 1, tough skin 2
a: Animate Remains, Recall Undead Slaves, Injury Mirror, Renounce Religion


You were on level 6 of the Dungeon.
You worshipped Yredelemnul.
Yredelemnul was pleased with you.
You were not hungry.

You visited 2 branches of the dungeon, and saw 7 of its levels.

You collected 223 gold pieces.

Inventory:

Armour
 a - a +0 robe (worn)
 n - a +2 cloak (worn)
Magical Staves
 p - an uncursed staff of poison {unknown}
Jewellery
 j - a cursed ring of teleportation
 o - an uncursed ring of protection from fire {unknown}
 s - an uncursed ring of protection from fire {unknown}
Scrolls
 e - 2 scrolls of immolation
 g - 2 scrolls of teleportation
 i - 7 scrolls of identify
 k - 3 scrolls of fear
 q - 3 scrolls of enchant weapon {unknown}
 r - 2 scrolls of remove curse
 t - a scroll of magic mapping {unknown}
 u - a scroll of amnesia {unknown}
Potions
 c - 3 potions of curing {unknown}
 d - 2 potions of lignification
 f - 2 potions of flight {unknown}
 h - a potion of brilliance {unknown}
 l - 2 potions of agility {unknown}
 m - a potion of cancellation {unknown}
Comestibles
 b - 8 rations


   Skills:
 - Level 2.4(1.0) Fighting
 - Level 2.4(1.0) Dodging
 - Level 1.0(0.0) Stealth
 - Level 6.3(4.7) Unarmed Combat
 * Level 5.6(4.1) Invocations


You had 6 spell levels left.
You didn't know any spells.

Dungeon Overview and Level Annotations

Branches:
Dungeon (6/15)             Temple (1/1) D:4

Altars:
Cheibriados
Dithmenos
Elyvilon
Fedhas
Gozag
Hepliaklqana
Kikubaaqudgha
Makhleb
Nemelex Xobeh
Okawaru
Qazlal
Sif Muna
Trog
Uskayaw
Wu Jian
Xom
Yredelemnul
Zin
The Shining One


Innate Abilities, Weirdness & Mutations

You are too large for most types of armour.
You have claws for hands.
Your metabolism is lightning-fast.
You like to eat raw meat.
Your natural rate of healing is unusually fast.
You are covered in fur. (AC +1)
You have very tough skin. (AC +2)


Message History

The wight hits you from afar with a trident.
* * * LOW HITPOINT WARNING * * *
You barely miss the wight.
The wight is heavily damaged.
The wight hits you with an enchanted great sword.
* * * LOW HITPOINT WARNING * * *
You feel drained. The wight closely misses you.
You scratch the wight.
The wight is severely damaged.
The wight hits you with an enchanted great sword!
* * * LOW HITPOINT WARNING * * *
You barely miss the wight.
The wight is severely damaged.
The wight hits you from afar with a trident.
* * * LOW HITPOINT WARNING * * *
You feel drained.
* * * LOW HITPOINT WARNING * * *
The wight hits you with an enchanted great sword!
You die...
Your body rises from the dead as a mindless zombie.

#.................
#..........#.....#
#...........######
#.#....#.##....
###......######
##....#.......##
#.z...#.<..>...#
#z#...#........#
#@#...#........#
#.####.........#
#..............#
#.#####........#
..# ########## ..#
.... .... .....


You could see 2 wights.

Vanquished Creatures
  An ice beast (D:5)
  2 phantoms
  A necrophage (D:6)
  A howler monkey (D:5)
  3 wights
  An iguana (D:5)
  3 worker ants (D:5)
  6 adders
  4 worms
  3 leopard geckos
  2 orcs (D:3)
  11 bats
  10 giant cockroaches
  9 goblins
  9 hobgoblins
  7 jackals
  4 quokkas
  3 ball pythons
  5 frilled lizards
  10 kobolds
  11 rats
106 creatures vanquished.

Notes
Turn   | Place    | Note
-------+----------+-------------------------------------------
     0 | D:1      | Mrkan the Troll Monk began the quest for the Orb.
     0 | D:1      | Reached XP level 1. HP: 22/22 MP: 0/0
    97 | D:1      | Reached XP level 2. HP: 22/29 MP: 1/1
   359 | D:1      | Reached skill level 4 in Unarmed Combat
   481 | D:1      | Reached XP level 3. HP: 36/36 MP: 2/2
   877 | D:2      | Reached XP level 4. HP: 44/44 MP: 3/3
   943 | D:2      | Reached skill level 5 in Unarmed Combat
  1405 | D:3      | Reached XP level 5. HP: 35/50 MP: 4/4
  1597 | D:3      | Reached skill level 6 in Unarmed Combat
  1635 | D:3      | Found a stormy altar of Qazlal.
  2187 | D:4      | Found a staircase to the Ecumenical Temple.
  2198 | Temple   | Entered the Ecumenical Temple
  2413 | Temple   | Became a worshipper of Yredelemnul the Dark
  2413 | Temple   | Reached * piety under Yredelemnul
  2413 | Temple   | Reached ** piety under Yredelemnul
  2853 | D:4      | Found a glowing silver altar of Zin.
  2968 | D:4      | Noticed a phantom
  2987 | D:4      | Killed a phantom
  2987 | D:4      | Reached XP level 6. HP: 43/59 MP: 4/6
  3127 | D:4      | Found a deep blue altar of Sif Muna.
  3489 | D:5      | Entered Level 5 of the Dungeon
  3769 | D:5      | Noticed an ice beast
  3778 | D:5      | Killed an ice beast
  4199 | D:5      | Reached XP level 7. HP: 62/66 MP: 9/9
  4403 | D:6      | Reached skill level 5 in Invocations
  4471 | D:6      | HP: 2/65 [wight/trident (3)]
  4471 | D:6      | Mangled by a wight

Skill      XL: |  1  2  3  4  5  6  7 |
---------------+----------------------+-----
Unarmed Combat | 4 5 6 |  6.3
Invocations    | 2 4 5 |  5.6
Fighting       | |  2.4
Dodging        | |  2.4
Stealth        | |  1.0

Action                   |  1- 3 |  4- 6 |  7- 9 || total
-------------------------+-------+-------+-------++-------
Melee: Unarmed           |   113 |   190 |    31 ||   334
       Punch             |     3 |     5 |     2 ||    10
  Use: Scroll            |       |     8 |       ||     8
 Stab: Sleeping          |     3 |       |       ||     3
  Eat: Chunk             |    13 |    20 |     1 ||    34
       Ration            |       |     2 |       ||     2
Armor: Robe              |    75 |    93 |    19 ||   187
Dodge: Dodged            |    96 |   131 |    16 ||   243
